 Dungeon Crawl Stone Soup version 0.30-a0-553-g7fabdf1491 (webtiles) character file.

Game seed: 8068185398800470096

3955 Jase the Martial Artist (level 10, -1/77 HPs)
             Began as a Djinni Transmuter on Dec 27, 2022.
             Was an Initiate of Ashenzari.
             Slain by a slime creature (19 damage)
             ... on level 7 of the Dungeon.
             The game lasted 00:32:52 (7763 turns).

Jase the Martial Artist (Djinni Transmuter)         Turns: 7763, Time: 00:32:52

Health: -1/77      AC:  2    Str:  9    XL:     10   Next: 45%
Gold:   437        EV: 19    Int: 20    God:    Ashenzari [......] SH:  0 Dex: 18

rFire   . . .      SeeInvis .      - Unarmed
rCold   + + .      Faith    .    (shield currently unavailable)
rNeg    . . .      Spirit   .    (body armour currently unavailable)
rPois   ∞          Reflect  .    (helmet currently unavailable)
rElec   .          Harm     .    (cloak currently unavailable)
rCorr   .          Rampage  .    (gloves currently unavailable)
Will    +....                    (boots unavailable)
Stlth   ++                       (no amulet)
HPRegen 0.32/turn                t - ring of protection from cold
MPRegen 0.00/turn                A - ring of protection from cold

@: about to teleport, spider-form, flying
A: venomous fangs, flying, sickness immunity, tiny, (fire resistance 2), (cold
vulnerability 1), float, innate caster, HP casting, extra vitality 1
a: End Transformation, Renounce Religion, Curse Item


You were on level 7 of the Dungeon.
You worshipped Ashenzari.
Ashenzari was noncommittal.
You were a venomous arachnid creature.
You visited 2 branches of the dungeon, and saw 8 of its levels.
You also visited: Ossuary.

You collected 493 gold pieces.
You spent 56 gold pieces at shops.

Inventory:

Missiles
 j - a throwing net
 p - 31 stones (quivered)
 v - 3 javelins
 x - 3 boomerangs
 D - 25 poisoned darts
Armour
 a - a +0 helmet (melded)
 i - a +2 robe of resistance (melded)
 m - the +2 cloak of Asodynep (melded) {rPois Slay+3}
   (You found it on level 3 of the Dungeon)

   Slay:      It affects your accuracy & damage with ranged weapons and melee
   (+3).
   rPois:     It protects you from poison.
 u - a +0 buckler
Jewellery
 t - a ring of protection from cold (left front leg)
 A - a ring of protection from cold (right front leg)
 F - a ring of positive energy
Wands
 h - a wand of polymorph (8)
 r - a wand of roots (12)
 w - a wand of acid (8)
Scrolls
 c - 2 scrolls of blinking
 d - 2 scrolls of enchant weapon
 l - 3 scrolls of identify
 o - 2 scrolls of poison
 q - a scroll of amnesia
 s - a scroll of enchant armour
 y - a scroll of fear
 z - a scroll of vulnerability {unknown}
 B - a scroll of immolation {unknown}
 E - a scroll of noise {unknown}
Potions
 b - a potion of lignification
 e - 4 potions of cancellation
 f - 2 potions of curing
 g - a potion of brilliance
 k - 5 potions of attraction
 C - a potion of resistance {unknown}


   Skills:
 + Level 8.4 Fighting
 - Level 2.1 Dodging
 + Level 9.0 Unarmed Combat
 + Level 6.6 Spellcasting


You had 2 spell levels left.
You knew the following spells:

 Your Spells              Type           Power      Damage    Failure   Level
a - Beastly Appendage     Tmut           66%        N/A       4%          1
b - Wereblood             Tmut           33%        N/A       5%          2
c - Spider Form           Tmut/Pois      33%        N/A       8%          3
d - Ice Form              Ice/Tmut       33%        N/A       17%         4
e - Freeze                Ice            100%       1d10      4%          1
f - Scorch                Fire           66%        2d8       5%          2
g - Inner Flame           Hex/Fire       33%        N/A       8%          3
h - Cause Fear            Hex            16%        N/A       17%         4
Your spell library was empty.

Dungeon Overview and Level Annotations

Branches:
Dungeon (7/15)             Temple (1/1) D:6         Ossuary (visited)

Altars:
Ashenzari
Dithmenos
Elyvilon
Fedhas
Gozag
Hepliaklqana
Makhleb
Nemelex Xobeh
Okawaru
Qazlal
Ru
Trog
Uskayaw
Wu Jian
Yredelemnul
Zin

Shops:
D:1 !

Annotations:
D:5 3 runed translucent doors, Aneyh's ghost, novice TeMo


Innate Abilities, Weirdness & Mutations

You are a venomous arachnid creature.
You have poisonous fangs.
You are tiny and dextrous.
You are flying.
Your spellcasting is less reliable in this form.
Your armour is entirely melded.
You are incapable of wielding weapons or throwing items.
You are immune to sickness and miasma.
You are immune to poison.
((Your flesh is very heat resistant. (rF++)))
((You are vulnerable to cold. (rC-)))
You float through the air rather than walking.
You learn spells naturally, not from books.
Your magical power is your life essence.
You have superior vitality. (+4 MHP)


Message History

You hit the yak.
The yak looks as sick as possible!
The yak is almost dead.
You hit the yak.
The yak looks as sick as possible!
The yak is almost dead.
The deep elf pyromancer casts a spell.
The deep elf pyromancer blinks!
The yak gores you!
You hit the yak.
The yak looks as sick as possible!
The yak is almost dead.
You kill the yak!
You bite the slime creature!
The slime creature is lightly wounded.
The slime creature barely misses you.
You bite the deep elf pyromancer!
The deep elf pyromancer is poisoned.
The deep elf pyromancer is moderately wounded.
The deep elf pyromancer misses you.
The slime creature completely misses you.
The boulder beetle curls into a ball and begins rolling!
You hit the deep elf pyromancer.
The deep elf pyromancer is heavily wounded.
You hit the deep elf pyromancer.
The deep elf pyromancer looks as sick as possible!
The deep elf pyromancer is severely wounded.
The deep elf pyromancer gestures wildly while chanting.
The deep elf pyromancer blinks!
The slime creature hits you!
The boulder beetle stops rolling and uncurls.
You hit the slime creature.
The slime creature is poisoned.
The slime creature is lightly wounded.
The slime creature barely misses you.
You bite the slime creature!
The slime creature is moderately wounded.
You kill the deep elf pyromancer!
The slime creature hits you!
Your Unarmed Combat skill increases to level 9!
You bite the slime creature!
The slime creature is moderately wounded.
The slime creature hits you!
* * * LOW HITPOINT WARNING * * *
As you read the scroll of teleportation, it crumbles to dust.
You feel strangely unstable. The slime creature hits you!!
You die...

...........................##
............................#
.
##.....###+###..............#
#. .##...## ##.....).......#
#.. #.##.## ##........#.#.#
#.. # .### ##....##)#>#.###..
# # # #..#.##)#.#..##.. #
...##o##.##.##)#.#...... #
.⌠.l.uJs[##....#.#...... .#
...##.##...........##.!. ## #
#.####.#.##.##...
##...........###..
##....##...##.# #..
##......#.#.#..###..
###+###..##.........###...
##.)#..##.....##.######....
###
##..#.#..##...<.............


You could see a white ugly thing, a slime creature (very poisoned), a basilisk
and an orc.

Vanquished Creatures
  A deep elf pyromancer (D:7)
  Prince Ribbit (D:6)
  A yak (D:7)
  2 steam dragons (D:7)
  2 water moccasins
  3 ice beasts
  2 black bears
  4 ogres
  2 centaurs (D:7)
  A phantom (D:5)
  2 kobold brigands (D:7)
  Blork the orc (D:5)
  An elf zombie (Ossuary)
  A bullfrog (D:7)
  3 scorpions
  A gnoll sergeant (D:7)
  A necrophage (D:7)
  5 wights
  A centaur zombie (Ossuary)
  A crimson imp (D:5)
  A human zombie (Ossuary)
  An orc priest (D:7)
  5 hounds
  4 jellies
  Jessica (D:2)
  3 iguanas
  2 orc wizards
  3 mummies
  Robin (D:1)
  6 gnolls
  5 adders
  4 shadow imps
  4 white imps
  2 ufetubi (D:6)
  A dart slug (D:2)
  6 orcs
  4 bats
  5 endoplasms
  4 giant cockroaches
  16 goblins
  9 hobgoblins
  11 jackals
  13 kobolds
  11 ball pythons
  4 frilled lizards
  2 goblin zombies (Ossuary)
  12 hobgoblin zombies (Ossuary)
  3 jackal zombies (Ossuary)
  9 kobold zombies (Ossuary)
  7 orc zombies (Ossuary)
  6 rats
  A rat zombie (Ossuary)
202 creatures vanquished.

Vanquished Creatures (others)
  A human (D:5)
1 creature vanquished.

Grand Total: 203 creatures vanquished

Notes
Turn   | Place    | Note
-------+----------+-------------------------------------------
     0 | D:1      | Jase the Djinni Transmuter began the quest for the Orb.
     0 | D:1      | Jase set off with the following spells memorised: Beastly
                  | Appendage, Wereblood, Spider Form, Ice Form.
     0 | D:1      | Reached XP level 1. HP: 17/17 MP: 0/0
   189 | D:1      | Reached XP level 2. HP: 19/22 MP: 0/0
   358 | D:1      | Reached XP level 3. HP: 27/27 MP: 0/0
   358 | D:1      | Learned a level 1 spell: Freeze
   398 | D:1      | Found Wikupamn's Distillery.
   420 | D:1      | Bought a potion of degeneration for 14 gold pieces
   420 | D:1      | Bought a potion of curing for 42 gold pieces
  1001 | D:2      | Noticed Robin
  1001 | D:2      | Noticed Jessica
  1062 | D:2      | Killed Jessica
  1063 | D:2      | Reached XP level 4. HP: 33/33 MP: 0/0
  1135 | D:1      | Killed Robin
  1452 | D:2      | Reached XP level 5. HP: 38/39 MP: 0/0
  1452 | D:2      | Learned a level 2 spell: Scorch
  1564 | D:2      | Noticed a great orb of eyes
  1566 | D:2      | Found a faded altar of an unknown god.
  1567 | D:2      | Noticed a golden eye
  1567 | D:2      | Noticed a great orb of eyes
  1567 | D:2      | Noticed an eye of devastation
  1636 | D:2      | Reached skill level 4 in Unarmed Combat
  1954 | D:3      | Identified the +2 cloak of Asodynep {rPois Slay+3}
  2280 | D:3      | Found a white marble altar of Elyvilon.
  2750 | D:4      | Found a stormy altar of Qazlal.
  2777 | D:4      | Reached XP level 6. HP: 46/46 MP: 0/0
  2946 | D:4      | Found a blossoming altar of Fedhas.
  2964 | D:4      | Found an iron altar of Okawaru.
  3522 | D:5      | Entered Level 5 of the Dungeon
  3533 | D:5      | Noticed Blork the orc
  3540 | D:5      | Killed Blork the orc
  3612 | D:5      | Found a sand-covered staircase.
  3620 | Ossuary  | Entered an ossuary
  3859 | Ossuary  | Reached XP level 7. HP: 8/51 MP: 0/0
  3859 | Ossuary  | Learned a level 3 spell: Inner Flame
  4066 | Ossuary  | Reached skill level 5 in Unarmed Combat
  4120 | D:5      | Noticed a human
  4123 | D:5      | Found a runed translucent gate.
  4124 | D:5      | Killed a human
  4129 | D:5      | Found a runed translucent gate.
  4129 | D:5      | Noticed Aneyh's ghost (novice TeMo)
  4130 | D:5      | Found a runed translucent gate.
  4130 | D:5      | Noticed a steam dragon
  4346 | D:5      | Reached XP level 8. HP: 54/58 MP: 0/0
  4360 | D:5      | Found a hide-covered altar of Uskayaw.
  4670 | D:5      | Found a hazy altar of Hepliaklqana.
  4728 | D:5      | Reached skill level 5 in Fighting
  4952 | D:6      | Reached skill level 6 in Unarmed Combat
  5145 | D:6      | Noticed Prince Ribbit
  5157 | D:6      | Killed Prince Ribbit
  5245 | D:6      | Found an opulent altar of Gozag.
  5329 | D:6      | Reached XP level 9. HP: 40/66 MP: 0/0
  5329 | D:6      | Learned a level 4 spell: Cause Fear
  5424 | D:6      | Found a staircase to the Ecumenical Temple.
  5446 | Temple   | Entered the Ecumenical Temple
  5620 | Temple   | Became a worshipper of Ashenzari the Shackled
  5761 | D:6      | Reached skill level 7 in Unarmed Combat
  5761 | D:6      | Reached skill level 5 in Spellcasting
  6958 | D:7      | Reached skill level 8 in Unarmed Combat
  7036 | D:7      | Reached XP level 10. HP: 60/75 MP: 0/0
  7742 | D:7      | Noticed a boulder beetle
  7742 | D:7      | Noticed a boulder beetle
  7743 | D:7      | Noticed a deep elf pyromancer
  7744 | D:7      | Noticed a white ugly thing
  7749 | D:7      | Identified the +6 war axe of Kexygavu {vorpal, Dex+4}
  7761 | D:7      | Killed a deep elf pyromancer
  7762 | D:7      | Reached skill level 9 in Unarmed Combat
  7763 | D:7      | Slain by a slime creature

Illustrated notes

Levels and vault maps discovered:
D:1:      saegor_arrival_simple_c, layout_basic, serial_shops,
          nicolae_square_shop, minmay_pentomino_s2
D:2:      layout_rooms, hellmonk_ecumenical_altar_watching_god,
          wander_ebering_terrifying_dragon_lair, uniq_robin, uniq_jessica
D:3:      layout_loops_ring, elyvilon_altar_4
D:4:      layout_basic, lemuel_tele_altar, mainiacjoe_overflow_catwalk_spiral,
          solitary_fountain
D:5:      layout_rooms, general_overflow_altar, tgw_kikubaaqudgha,
          eat_drink_and_be_merry_uskayaw, gup_ossuary_entry_pyramid,
          gammafunk_ghost_split, minmay_fire_ice_demons, uniq_blork_the_orc
D:6:      minmay_skewed_foursquare, layout_basic, grunt_gozag_breadcrumbs,
          temple_doors_e, kennysheep_generic_room_3, uniq_prince_ribbit1
D:7:      minmay_the_grid_octo_2x2 [minmay_the_grid_octo_fan_narrow,
          minmay_the_grid_octo_toaster, minmay_the_grid_octo_fat_diamond,
          minmay_the_grid_octo_prize_square_snowflake], layout_rooms
Temple:   grunt_temple_mini_profane

Skill      XL: |  1  2  3  4  5  6  7  8  9 10 |
---------------+-------------------------------+-----
Spellcasting   | 2 3 4 5 6 |  6.6
Fighting       | 2 3 4 6 7 8 |  8.4
Unarmed Combat | 4 5 6 8 9 |  9.0
Dodging        | |  2.1

Action                   |  1- 3 |  4- 6 |  7- 9 | 10-12 || total
-------------------------+-------+-------+-------+-------++-------
Melee: Unarmed           |    94 |   240 |   258 |    76 ||   668
       Headbutt          |    20 |    34 |    53 |     9 ||   116
       Punch             |     2 |     8 |    10 |     2 ||    22
 Cast: Beastly Appendage |    23 |    33 |    28 |     6 ||    90
       Scorch            |       |     7 |    18 |     7 ||    32
       Wereblood         |       |     2 |     3 |       ||     5
       Spider Form       |       |       |    10 |     2 ||    12
       Cause Fear        |       |       |       |     1 ||     1
 Abil: End Transformatio |       |       |     3 |     1 ||     4
  Use: Scroll            |       |     9 |     4 |     1 ||    14
       Potion            |       |       |     1 |     2 ||     3
 Stab: Sleeping          |     1 |     1 |       |     1 ||     3
       Confused          |       |     1 |       |       ||     1
Armor: Robe              |    21 |    69 |    66 |    13 ||   169
       Skin              |       |       |       |    11 ||    11
Dodge: Dodged            |    52 |   131 |   159 |    47 ||   389

Table legend: (Time is in decaauts)
 A = Elapsed time spent in this place.
 B = Non-inter-level travel time spent in this place.
 C = Inter-level travel time spent in this place.
 D = Time resting spent in this place.
 E = Time spent auto-exploring this place.
 F = Levels seen in this place.
 G = Mean time per level.
                   A        B        C        D        E       F      G
               +--------+--------+--------+--------+--------+-----+--------+
         Total |   7698 |   7479 |    219 |   1406 |   3990 |   9 |  855.3 |
       Dungeon |   7016 |   6835 |    181 |   1349 |   3823 |   7 | 1002.3 |
        Temple |    212 |    174 |     38 |      0 |    167 |   1 |  212.0 |
       Ossuary |    468 |    468 |      0 |     57 |      0 |   1 |  468.0 |
               +--------+--------+--------+--------+--------+-----+--------+

Top non-repeatable levels by time:
     D:6: 1558 daAuts
     D:1: 1210 daAuts
     D:7: 1049 daAuts
     D:4: 950 daAuts
     D:5: 898 daAuts
     D:3: 698 daAuts
     D:2: 650 daAuts
 Ossuary: 468 daAuts
  Temple: 212 daAuts
